%YAML 1.1
%TAG !u! tag:unity3d.com,2011:
--- !u!241 &24100000
AudioMixerController:
  m_ObjectHideFlags: 0
  m_PrefabParentObject: {fileID: 0}
  m_PrefabInternal: {fileID: 0}
  m_Name: Master
  m_OutputGroup: {fileID: 0}
  m_MasterGroup: {fileID: 24300002}
  m_Snapshots:
  - {fileID: 24500006}
  m_StartSnapshot: {fileID: 24500006}
  m_SuspendThreshold: -80
  m_EnableSuspend: 1
  m_UpdateMode: 0
  m_ExposedParameters: []
  m_AudioMixerGroupViews:
  - guids:
    - 8b6574f301904034babdd4b7f0f69092
    - af5af27c25f657248b5344c3c7b1e287
    - 05c11af06922d6944bd65eedb3c27c06
    - 554b9385eb6c2e54b93701d0bbedf802
    name: View
  m_CurrentViewIndex: 0
  m_TargetSnapshot: {fileID: 24500006}
--- !u!243 &24300002
AudioMixerGroupController:
  m_ObjectHideFlags: 0
  m_PrefabParentObject: {fileID: 0}
  m_PrefabInternal: {fileID: 0}
  m_Name: Master
  m_AudioMixer: {fileID: 24100000}
  m_GroupID: 8b6574f301904034babdd4b7f0f69092
  m_Children:
  - {fileID: 243650989636227086}
  - {fileID: 243203785397323930}
  - {fileID: 243189413014611968}
  m_Volume: c8b7fc2703ad90d488c70b05c527cb5d
  m_Pitch: 8389b04cd5ed0b64387fd76d829957b2
  m_Effects:
  - {fileID: 24400004}
  m_UserColorIndex: 0
  m_Mute: 0
  m_Solo: 0
  m_BypassEffects: 0
--- !u!244 &24400004
AudioMixerEffectController:
  m_ObjectHideFlags: 3
  m_PrefabParentObject: {fileID: 0}
  m_PrefabInternal: {fileID: 0}
  m_Name: 
  m_EffectID: 3b815424a9c46524e8d40233efa629a5
  m_EffectName: Attenuation
  m_MixLevel: 1a3d17d2ed00a264bb386eedf02e98da
  m_Parameters: []
  m_SendTarget: {fileID: 0}
  m_EnableWetMix: 0
  m_Bypass: 0
--- !u!245 &24500006
AudioMixerSnapshotController:
  m_ObjectHideFlags: 0
  m_PrefabParentObject: {fileID: 0}
  m_PrefabInternal: {fileID: 0}
  m_Name: Snapshot
  m_AudioMixer: {fileID: 24100000}
  m_SnapshotID: 8239457df83a9e54e9453e356eb64859
  m_FloatValues:
    d0fa1b9e7dfcd0b46ba7f23326c3b62b: -9.833286
  m_TransitionOverrides: {}
--- !u!243 &243189413014611968
AudioMixerGroupController:
  m_ObjectHideFlags: 0
  m_PrefabParentObject: {fileID: 0}
  m_PrefabInternal: {fileID: 0}
  m_Name: Music
  m_AudioMixer: {fileID: 24100000}
  m_GroupID: 554b9385eb6c2e54b93701d0bbedf802
  m_Children: []
  m_Volume: d0fa1b9e7dfcd0b46ba7f23326c3b62b
  m_Pitch: a112ec9b628df7d4489912380e4c4747
  m_Effects:
  - {fileID: 244690271282660298}
  m_UserColorIndex: 0
  m_Mute: 0
  m_Solo: 0
  m_BypassEffects: 0
--- !u!243 &243203785397323930
AudioMixerGroupController:
  m_ObjectHideFlags: 0
  m_PrefabParentObject: {fileID: 0}
  m_PrefabInternal: {fileID: 0}
  m_Name: SFX
  m_AudioMixer: {fileID: 24100000}
  m_GroupID: 05c11af06922d6944bd65eedb3c27c06
  m_Children: []
  m_Volume: a2ddbb4249e4bfb4d964be0638582c5c
  m_Pitch: e9a6ab79a4a84444b935b6ca8db1dca1
  m_Effects:
  - {fileID: 244251771292275082}
  m_UserColorIndex: 0
  m_Mute: 0
  m_Solo: 0
  m_BypassEffects: 0
--- !u!243 &243650989636227086
AudioMixerGroupController:
  m_ObjectHideFlags: 0
  m_PrefabParentObject: {fileID: 0}
  m_PrefabInternal: {fileID: 0}
  m_Name: UI
  m_AudioMixer: {fileID: 24100000}
  m_GroupID: af5af27c25f657248b5344c3c7b1e287
  m_Children: []
  m_Volume: ce8aaa2c315799e4895050b8abb41f9a
  m_Pitch: 44a909a4d3737264099aa245792e3caf
  m_Effects:
  - {fileID: 244944234864778830}
  m_UserColorIndex: 0
  m_Mute: 0
  m_Solo: 0
  m_BypassEffects: 0
--- !u!244 &244251771292275082
AudioMixerEffectController:
  m_ObjectHideFlags: 3
  m_PrefabParentObject: {fileID: 0}
  m_PrefabInternal: {fileID: 0}
  m_Name: 
  m_EffectID: eec86eaed1258f54d92e93fc71ecfa6a
  m_EffectName: Attenuation
  m_MixLevel: 17c6ff386ce2f634b89f691c2adec796
  m_Parameters: []
  m_SendTarget: {fileID: 0}
  m_EnableWetMix: 0
  m_Bypass: 0
--- !u!244 &244690271282660298
AudioMixerEffectController:
  m_ObjectHideFlags: 3
  m_PrefabParentObject: {fileID: 0}
  m_PrefabInternal: {fileID: 0}
  m_Name: 
  m_EffectID: 3ead590916ca50147abd2c2670feb162
  m_EffectName: Attenuation
  m_MixLevel: 52763381726c2714f847ac11444c01d9
  m_Parameters: []
  m_SendTarget: {fileID: 0}
  m_EnableWetMix: 0
  m_Bypass: 0
--- !u!244 &244944234864778830
AudioMixerEffectController:
  m_ObjectHideFlags: 3
  m_PrefabParentObject: {fileID: 0}
  m_PrefabInternal: {fileID: 0}
  m_Name: 
  m_EffectID: dec435d84ff11b147b6c88076215e408
  m_EffectName: Attenuation
  m_MixLevel: 0d9efbd04c52f1c4aae9fa218a5421d6
  m_Parameters: []
  m_SendTarget: {fileID: 0}
  m_EnableWetMix: 0
  m_Bypass: 0
